 Dungeon Crawl Stone Soup version 0.31.0-7-gf635a9b802 (webtiles) character file.

Game seed: 9555797255908187745

98 monsoonserge the Sneak (level 4, -1/21 HPs)
             Began as a Spriggan Enchanter on Jan 23, 2024.
             Slain by Grinder (3 damage)
             ... on level 3 of the Dungeon.
             The game lasted 00:05:56 (2154 turns).

monsoonserge the Sneak (Spriggan Enchanter)         Turns: 2154, Time: 00:05:56

Health: -1/21      AC:  2    Str:  4    XL:     4   Next: 44%
Magic:  7/9        EV: 18    Int: 18    God:
Gold:   170        SH:  0    Dex: 15    Spells: 3/8 levels left

rFire   . . .        a - +1 dagger
rCold   . . .        (no shield)
rNeg    . . .        b - +0 robe
rPois   .            (helmet restricted)
rElec   .            (no cloak)
rCorr   .            (gloves unavailable)
SInv    +            (boots unavailable)
Will    .....        (no amulet)
Stlth   +++          (no ring)
HPRegen 0.23/turn    (no ring)
MPRegen 0.11/turn

%: no passive effects
@: hasted, very quick
A: very small, no large weapons, unfitting armour, see invisible, speed 3
a: no special abilities


You were on level 3 of the Dungeon.
You visited 1 branch of the dungeon, and saw 3 of its levels.

You collected 170 gold pieces.

Inventory:

Hand Weapons
 a - a +1 dagger (weapon)
 i - the +5 quarterstaff "Kuemp" {chaos, rPois Will+}
   (You found it on level 3 of the Dungeon)

   rPois:     It protects you from poison Will+: It increases your willpower.
Missiles
 d - 3 poisoned darts (quivered)
Armour
 b - a +0 robe (worn)
Scrolls
 e - 2 scrolls of revelation {unknown}
 f - 3 scrolls of teleportation {unknown}
 g - 2 scrolls of noise {unknown}
 h - a scroll of butterflies {unknown}
 k - a scroll of fog {unknown}
Potions
 c - 2 potions of invisibility


   Skills:
 + Level 0.3 Fighting
 * Level 2.3 Short Blades
 + Level 3.7 Dodging
 + Level 5.4 Stealth
 + Level 2.7 Spellcasting
 * Level 4.4 Hexes
 * Level 0.1 Ice Magic


You had 3 spell levels left.
You knew the following spells:

 Your Spells              Type           Power      Damage    Failure   Level
a - Ensorcelled Hibernat  Hex/Ice        20%        N/A       10%         2
b - Confusing Touch       Hex            18%        N/A       8%          3

Your spell library contained the following spells:

 Spells                   Type           Power      Damage    Failure   Level
 Tukima's Dance           Hex            18%        N/A       8%          3
 Dazzling Flash           Conj/Hex       20%        N/A       21%         3
 Fugue of the Fallen      Necr           2%         N/A       45%         3
 Anguish                  Hex/Necr       5%         N/A       54%         4


Dungeon Overview and Level Annotations

Branches:
Dungeon (3/15)

Altars:
Trog

Shops:
D:1 [

Annotations:
D:3 Grinder, Ijyb


Innate Abilities, Weirdness & Mutations

You are very small and have problems with some larger weapons.
You are too small for most types of armour.
You have supernaturally acute eyesight. (SInv)
You cover ground extremely quickly. (Speed+++)


Message History

You suddenly lose the ability to move!
Ijyb the Twisted Goblin comes into view.
She is wielding a +0 club and carrying a wand of polymorph.
Grinder hits you!
You can move again.
You hit Grinder but do no damage.
Grinder appears confused.
Grinder hits you.
You writhe in agony.
You hit Grinder but do no damage. You hit Grinder.
Grinder is lightly wounded.
Grinder hits you.
You hit Grinder.
Grinder is lightly wounded.
Grinder misses you.
You catch the helpless Grinder completely off-guard!
You puncture Grinder!
Grinder is heavily wounded.
You hit Grinder but do no damage.
Grinder is heavily wounded.
You catch the helpless Grinder completely off-guard!
You puncture Grinder!
Grinder is almost dead.
Grinder closely misses you.
You hit Grinder.
Grinder is almost dead.
Grinder hits Ijyb.
You hit Grinder but do no damage.
Grinder is almost dead.
Grinder closely misses you.
You barely miss Grinder.
Grinder is almost dead.
Grinder hits you.
* * * LOW HITPOINT WARNING * * *
You writhe in agony.
* * * LOW HITPOINT WARNING * * *
Unknown command.
Okay, then.
It was a potion of haste.
You feel yourself speed up.
Grinder seems less confused.
Grinder hits you.
You die...
Grinder sighs, "Dead already?
I want a refund."

##.##.# #.......#
#.##.## ##.......#
..###.###.......##
##..........#
##.###...#.# #.#
#####.# #.# #.#
#.# #.# #.# #@#
#.# #5# #.# #g#
#.# #.# #.# #.#
#.# ..#


You could see Grinder and Ijyb.

Vanquished Creatures
  Jessica (D:3)
  2 adders (D:2)
  A dart slug (D:1)
  2 ribbon worms (D:2)
  6 bats
  5 endoplasms
  2 giant cockroaches (D:1)
  3 goblins
  5 hobgoblins
  5 kobolds
  2 quokkas (D:1)
  5 ball pythons
  5 frilled lizards
  4 rats
48 creatures vanquished.

Notes
Turn   | Place    | Note
-------+----------+-------------------------------------------
     0 | D:1      | monsoonserge the Spriggan Enchanter began the quest for the
                  | Orb.
     0 | D:1      | Reached XP level 1. HP: 9/9 MP: 5/5
    62 | D:1      | Found Nieprac's Armour Shoppe.
    62 | D:1      | Noticed an animated gold dragon scales
    63 | D:1      | Noticed an animated gold dragon scales
   198 | D:1      | Reached XP level 2. HP: 13/13 MP: 6/6
   661 | D:1      | Learned a level 2 spell: Ensorcelled Hibernation
   672 | D:1      | Reached XP level 3. HP: 16/16 MP: 8/8
  1306 | D:2      | Found a bloodstained altar of Trog.
  1543 | D:2      | Learned a level 3 spell: Confusing Touch
  1553 | D:2      | Reached skill level 5 in Stealth
  1634 | D:2      | Reached XP level 4. HP: 13/21 MP: 9/9
  2051 | D:3      | Noticed Jessica
  2070 | D:3      | Killed Jessica
  2081 | D:3      | Identified the +5 quarterstaff "Kuemp" {chaos, rPois Will+}
  2134 | D:3      | Noticed Grinder
  2137 | D:3      | Paralysed by Grinder for 5 turns
  2140 | D:3      | Noticed Ijyb
  2154 | D:3      | Slain by Grinder

Illustrated notes

Levels and vault maps discovered:
D:1:      co_arrival_two_rings, layout_basic, serial_shops,
          nicolae_shop_mannequins, minmay_distorted
D:2:      cheibrodos_helix_gallery, layout_basic, basic_altar
D:3:      layout_loops_ring, minmay_fractal_squares_5, uniq_grinder,
          uniq_jessica, uniq_ijyb

Skill      XL: |  1  2  3  4 |
---------------+-------------+-----
Hexes          | 4 |  4.4
Short Blades   | 2 |  2.3
Stealth        | 5 |  5.4
Dodging        | 3 |  3.7
Fighting       | |  0.3
Spellcasting   | |  2.7
Ice Magic      | |  0.1

Action                     |  1- 3 |  4- 6 || total
---------------------------+-------+-------++-------
  Melee: Dagger            |   161 |    27 ||   188
         Punch             |     1 |       ||     1
   Cast: Ensorcelled Hiber |     3 |       ||     3
         Confusing Touch   |       |     1 ||     1
    Use: Potion            |     1 |     1 ||     2
   Stab: Sleeping          |    13 |     2 ||    15
         Confused          |       |     2 ||     2
 Armour: Robe              |    42 |     7 ||    49
  Dodge: Dodged            |   112 |    12 ||   124
